[Event "Late-Titled-Tuesday-Blitz-April-23-2024"]
[Site "Chess.com"]
[Date "2024.04.23"]
[Round "8"]
[White "Slovak_fighter2000"]
[Black "KNVB"]
[Result "0-1"]
[WhiteElo "2543"]
[BlackElo "2698"]
[TimeControl "180+1"]
[EndTime "15:30:20 PDT"]
[Termination "KNVB won on time"]

1. d4 e5 2. dxe5 Nc6 3. Nf3 Qe7 4. Bf4 Qb4+ 5. Bd2 Qxb2 6. Nc3 Bb4 7. Rb1 Qxc3 8.
Bxc3 Bxc3+ 9. Nd2 Nxe5 10. e3 Nf6 11. Bd3 O-O 12. O-O d5 13. h3 b6 14. Nf3 Nxf3+ 15.
Qxf3 Be6 16. Rb3 Be5 17. Qe2 Rae8 18. Bb5 Re7 19. c4 dxc4 20. Bxc4 Bxc4 21. Qxc4 Ne4 22.
Rd1 Nc5 23. Rbb1 Rfe8 24. Qb5 Re6 25. Rbc1 Bd6 26. Kf1 g6 27. Rc2 a5 28. Rc4 R8e7 29. Rcd4 Ne4 30. Qc4 Kg7 31. Kg1 h5 32. a4 Kh7 33.
Rd5 Nc5 34. R5d4 Ne4 35. Rd5 Rf6 36. f4 Bc5 37. Rxc5 Nxc5 38. Rd8 Rfe6 39. Qd4 Re8 40.
Rxe8 Rxe8 41. g4 hxg4 42. hxg4 Re4 43. Qf6 Kg8 44. Qd8+ Kg7 45. g5 Ne6 46. Qf6+ Kg8 47. Qc3 Rxa4 48. Kf2 Rb4 49. Kf3 c5 50. f5 gxf5 51. Qf6 Nf8 52. Qxf5 a4 0-1

[Event "Late-Titled-Tuesday-Blitz-April-23-2024"]
[Site "Chess.com"]
[Date "2024.04.23"]
[Round "8"]
[White "kleber2007"]
[Black "m_ezat"]
[Result "1/2-1/2"]
[WhiteElo "2447"]
[BlackElo "2610"]
[TimeControl "180+1"]
[EndTime "15:30:20 PDT"]
[Termination "Game drawn - insufficient material"]

1. Nf3 Nf6 2. g3 g6 3. b3 Bg7 4. Bb2 O-O 5. Bg2 d6 6. d4 Nc6 7. O-O e5 8. dxe5 Nd7 9. Qc1 Ndxe5 10. c4 Nxf3+ 11. exf3 Nd4 12. Nc3 Re8 13. Qd2 Bh3 14.
Rfe1 Bxg2 15. Kxg2 Qf6 16. Qd3 Qf5 17. Qxf5 Nxf5 18.
Re4 c6 19. Rd1 Kf8 20. g4 Nh4+ 21. Kg3 g5 22. Na4 Bxb2 23. Nxb2 Rad8 24. Nd3 Rxe4 25. fxe4 Ng6 26. f3 Ke8 27. Kf2 d5 28. cxd5 cxd5 29. Nc5 b6 30. Na6 dxe4 31. Rxd8+ Kxd8 32. fxe4 Ne5 33. h3 Nd3+ 34. Ke3 Nc1 35. Nb4 Kc7 36. Nd5+ Kd6 37. Nf6 Nxa2 38. Nxh7 Nc1 39. Nxg5 Nxb3 40. Nxf7+ Ke6 41. Nd8+ Kd7 42. Nf7 a5 43. Kd3 Nc5+ 44. Kc4 Nxe4 45. Kb5 Kc7 46. g5 Nc3+ 47. Kc4 Ne4 48. g6 Nf6 49. h4 Kc6 50. g7 b5+ 51. Kb3 Kd7 52. Ne5+ Ke6 53. Nc6 a4+ 54. Ka3 Kf7 55.
Nd4 Ne4 56. Nxb5 Nc5 57. Nc3 Kxg7 58. Nxa4 Nxa4 59. Kxa4 Kg6 60. Kb4 Kh5 61. Kc4 Kxh4 1/2-1/2

[Event "Late-Titled-Tuesday-Blitz-April-23-2024"]
[Site "Chess.com"]
[Date "2024.04.23"]
[Round "8"]
[White "malakismayil"]
[Black "Akhayan"]
[Result "1-0"]
[WhiteElo "2578"]
[BlackElo "2412"]
[TimeControl "180+1"]
[EndTime "15:30:20 PDT"]
[Termination "malakismayil won by resignation"]

1. e4 e5 2. Nf3 Nc6 3. Bc4 Nf6 4. d3 Bc5 5. Nc3 d6 6. h3 h6 7. O-O O-O 8. Be3 Bb6 9. Re1 Re8 10. Qd2 Bxe3 11.
fxe3 Be6 12. Bd5 Bxd5 13. exd5 Ne7 14. e4 c6 15. dxc6 Nxc6 16. Qf2 Qb6 17. Qxb6 axb6 18. a3 Rac8 19. Nb5 Red8 20. c4 Ne7 21. Nd2 Ng6 22.
g3 Nf8 23. Nf1 Ne6 24. Ne3 Nc5 25. Rad1 Kf8 26. Nf5 Ne8 27. Rf1 f6 28. h4 Kf7 29.
h5 Ne6 30. Kf2 Ng5 31. Ke2 Rd7 32. Rc1 Ne6 33. Ra1 Ra8 34. b4 Rdd8 35. Ra2 Kf8 36. Rfa1 Kf7 37. a4 N6c7 38. Nc3 Ne6 39. Nd5 Ra6 40. b5 Ra5 41. Nxb6 Nc5 42. Nd5 Ke6 43. Ke3 Rda8 44. Nc3 Kf7 45. d4 exd4+ 46. Nxd4 Ne6 47. Nxe6 Kxe6 48. Nd5 Rc8 49. Nb6 Rc7 50. Rd1 f5 51.
exf5+ Kxf5 52. Rf2+ Ke6 53. Kd4 Nf6 54. Re1+ Kf7 55. Rfe2 Ra7 56. Re6 Ra5 57. Rxd6 Ra7 58. c5 Ra5 59. Kc4 Ra8 60. Nxa8 1-0

[Event "Late-Titled-Tuesday-Blitz-April-23-2024"]
[Site "Chess.com"]
[Date "2024.04.23"]
[Round "8"]
[White "sergoy"]
[Black "Hamisandwich"]
[Result "1/2-1/2"]
[WhiteElo "2939"]
[BlackElo "2758"]
[TimeControl "180+1"]
[EndTime "15:30:21 PDT"]
[Termination "Game drawn by repetition"]

1. d4 Nf6 2. c4 b6 3. f3 Nc6 4.
Nc3 e5 5. d5 Na5 6. e4 Bc5 7.
a3 Nb7 8. b4 Bxg1 9. Rxg1 a5 10. Be3 d6 11. g4 Ng8 12. b5 Nc5 13. Qc2 Qh4+ 14. Qf2 Qxf2+ 15. Kxf2 h5 16. h3 h4 17. f4 exf4 18. Bxf4 Ne7 19. Ke3 Ng6 20. Bh2 Nd7 21.
Be2 Nde5 22. Raf1 Bd7 23. Nb1 O-O 24. Nd2 Rae8 25. Nb3 f6 26. Nd4 Nf7 27. Nf3 Re7 28.
Bd3 Rfe8 29. Kd4 Nge5 30. Nxe5 Nxe5 31. Bc2 Nf7 32. Rf3 Ng5 33. Re3 Rf8 34. Bf4 Be8 35.
Rf1 Bg6 36. Bd3 Nf7 37. Bh2 Rfe8 38. Bc2 Ng5 39. Rfe1 Bh7 40. Bf4 Nf7 41. Rg1 g5 42. Bh2 Kg7 43. Rf1 Ne5 44. Re2 Bg6 45. Ref2 Nd7 46.
Re2 Nc5 47. Rfe1 Nd7 48. Rf1 Nc5 49. Rfe1 Rf8 50. Bg1 Nd7 51. Bh2 Ne5 52. Rf1 Nd7 53.
Rfe1 Rfe8 54. Bg1 Nc5 55. Bh2 1/2-1/2

[Event "Late-Titled-Tuesday-Blitz-April-23-2024"]
[Site "Chess.com"]
[Date "2024.04.23"]
[Round "8"]
[White "temiksmozg"]
[Black "VojtechPlat"]
[Result "0-1"]
[WhiteElo "2713"]
[BlackElo "2873"]
[TimeControl "180+1"]
[EndTime "15:30:21 PDT"]
[Termination "VojtechPlat won by resignation"]

1. e4 c5 2. Nf3 Nc6 3. d4 cxd4 4. Nxd4 e5 5. Nb5 a6 6. Nd6+ Bxd6 7. Qxd6 Qf6 8. Qxf6 Nxf6 9. f3 d5 10. exd5 Nb4 11.
Na3 Nbxd5 12. c3 O-O 13. Be2 Bd7 14. O-O Rfe8 15. Rd1 Bc6 16. Bd2 Rad8 17. c4 Nf4 18. Bf1 Ne6 19. Nc2 e4 20. fxe4 Nxe4 21. Ba5 Rc8 22.
b3 h5 23. Nb4 h4 24. Nxc6 Rxc6 25. Be2 Nf4 26. Bf3 Rg6 27. Re1 f5 28. Kf1 Rge6 29.
Rad1 b6 30. Bxe4 fxe4 31. Bd2 e3 32. Bxe3 Rxe3 33. Rxe3 Rxe3 34. Rd4 g5 35. g3 hxg3 36. hxg3 Rf3+ 37. Ke1 Rxg3 38. Rd8+ Kf7 39. Kf2 Rg2+ 40. Kf3 Rxa2 41. Rb8 b5 42. cxb5 axb5 43. Rxb5 Kf6 44.
Rb6+ Ne6 45. b4 Rb2 46. Rb8 Ke5 47. Rb5+ Kf6 48. Rb8 Rb3+ 49. Kg4 Ke5 50. Rb5+ Ke4 51. Rb6 Kd5 52. Rb5+ Kc6 53. Re5 Kd7 54. Rb5 Rb1 55. Rb6 Rg1+ 56. Kf5 Rf1+ 57. Ke5 Nf4 58. Rb7+ Kc6 59. Rg7 Nh3 60. Rh7 g4 61. Rh4 g3 62.
Rg4 Rf3 63. Ke4 Rf4+ 64. Rxf4 Nxf4 65. Kf3 Nh5 0-1

[Event "Late-Titled-Tuesday-Blitz-April-23-2024"]
[Site "Chess.com"]
[Date "2024.04.23"]
[Round "8"]
[White "Skatchkov_V"]
[Black "Durarbayli"]
[Result "1/2-1/2"]
[WhiteElo "2673"]
[BlackElo "2902"]
[TimeControl "180+1"]
[EndTime "15:30:24 PDT"]
[Termination "Game drawn by repetition"]

1. d4 d5 2. c4 c6 3. Nc3 Nf6 4. Nf3 e6 5. g3 dxc4 6. Bg2 b5 7. O-O Bb7 8. Ne5 a6 9. b3 Bb4 10. Bb2 Nd5 11. Nxd5 exd5 12. e4 c3 13. Bc1 Bd6 14.
exd5 cxd5 15. Qe1 O-O 16. Qxc3 Bxe5 17. dxe5 d4 18. Qc5 Bxg2 19. Kxg2 Qd7 20. Bb2 Nc6 21. Rac1 Rac8 22. Rfd1 Rfd8 23. Bxd4 Ne7 24. Qa7 Rxc1 25. Rxc1 Qd5+ 26. Kg1 Nc6 27. Qb7 Qxd4 28. Qxc6 Qxe5 29.
Qxa6 h5 30. h4 Rd2 31. a4 b4 32. Qc4 Rd4 33. Qc8+ Kh7 34. Qc2+ g6 35. Rd1 Re4 36. Rd7 Re1+ 37. Kh2 Qe6 38. Qc7 Kg7 39. a5 Qf5 40. Rd2 Qe4 41. f3 Qxf3 42. Rg2 Re2 43. Rxe2 Qxe2+ 44. Kg1 Qe1+ 45. Kh2 Qe2+ 46. Kh3 Qf1+ 47. Kh2 Qf2+ 48. Kh3 Qg1 49. Qe5+ Kh7 50. Qd5 Qf1+ 51. Kh2 Qe2+ 52. Kh3 Qf1+ 53. Kh2 Qe2+ 54. Kh3 Qf1+ 1/2-1/2

[Event "Late-Titled-Tuesday-Blitz-April-23-2024"]
[Site "Chess.com"]
[Date "2024.04.23"]
[Round "8"]
[White "Artem_Koval"]
[Black "GoltsevDmitry2000"]
[Result "1-0"]
[WhiteElo "2587"]
[BlackElo "2739"]
[TimeControl "180+1"]
[EndTime "15:30:31 PDT"]
[Termination "Artem_Koval won by checkmate"]

1. d4 e6 2. Nf3 Nf6 3. Bf4 b6 4.
e3 Bb7 5. Nbd2 Be7 6. h3 O-O 7. Bd3 d6 8. O-O Nbd7 9. a4 Re8 10.
a5 bxa5 11. Nb3 Bf8 12. Nxa5 Bxf3 13. gxf3 c5 14. c3 Nh5 15. Bh2 Qh4 16. Kg2 d5 17.
Nc6 c4 18. Bc2 a6 19. Ne5 Nxe5 20. Bxe5 f6 21. Bh2 Red8 22. b3 cxb3 23. Bxb3 Bd6 24. c4 Qg5+ 25. Kh1 Qh4 26. Kg2 Bxh2 27. Kxh2 Kh8 28. cxd5 exd5 29. f4 f5 30. Qf3 Nf6 31. Bc2 g6 32. Bd3 a5 33. Ra4 Rdb8 34. Rfa1 Rb2 35.
Kg2 Re8 36. Rxa5 g5 37. Qg3 Qxg3+ 38. Kxg3 gxf4+ 39. exf4 Ne4+ 40. Bxe4 fxe4 41. Rxd5 Rg8+ 42. Rg5 Rxf2 43. Rxg8+ Kxg8 44. Kxf2 Kg7 45. Ke3 Kg6 46. Kxe4 Kh6 47. d5 Kg6 48. d6 Kf6 49. Rd1 Kg6 50.
d7 Kh5 51. d8=Q h6 52. Rd5+ Kg6 53. Qb6+ Kg7 54. Rd7+ Kf8 55. Qd8# 1-0

[Event "Late-Titled-Tuesday-Blitz-April-23-2024"]
[Site "Chess.com"]
[Date "2024.04.23"]
[Round "8"]
[White "jcibarra"]
[Black "AlexeiShirov"]
[Result "1-0"]
[WhiteElo "2989"]
[BlackElo "2804"]
[TimeControl "180+1"]
[EndTime "15:30:33 PDT"]
[Termination "jcibarra won by resignation"]

1. e4 e5 2. Nf3 f5 3. Nxe5 Nc6 4. d4 Nxe5 5. dxe5 fxe4 6. Qd5 Qh4 7. Bc4 Ne7 8. Qf7+ Kd8 9. Nc3 Ng6 10. Qd5 Bb4 11.
e6 h6 12. exd7 Bxd7 13. Qxb7 e3 14. Qxa8+ Ke7 15. Qf3 Qxc4 16. Qxe3+ Kd8 17. Qd3 Re8+ 18. Be3 Ne5 19. Qxc4 Nxc4 20. O-O-O Bxc3 21. bxc3 Kc8 22. Rhe1 Re6 23. Bf4 Ra6 24. Rd4 Nb6 25. Re7 Rxa2 26. Rxg7 Ra1+ 27. Kd2 a5 28. Bxh6 Bb5 29. Rgg4 a4 30.
Rb4 Bc6 31. Be3 Nd5 32. Rg8+ Kd7 33. Rd4 a3 34. Rg7+ Kc8 35. Rg6 a2 36. Rxc6 Rd1+ 37.
Kxd1 a1=Q+ 38. Kd2 Ne7 39. Re6 Nf5 40. Rf4 Nd6 41.
Bc5 Kd7 42. Rh6 Qf1 43. Bxd6 cxd6 44. Rff6 d5 45. Rf3 Qxg2 46. Rf7+ Ke8 47. Rhh7 Qg5+ 48. Kd3 Qg6+ 49. Kd4 Qb6+ 50. Kxd5 Qb5+ 51. Kd4 Qb6+ 52.
Kd3 Qd6+ 53. Ke2 Qe6+ 54. Kf3 Qd5+ 55. Kg3 Qg5+ 56. Kh3 Qg6 57. Re7+ Kf8 58. Rhf7+ Kg8 59. Rg7+ Qxg7 60. Rxg7+ 1-0

[Event "Late-Titled-Tuesday-Blitz-April-23-2024"]
[Site "Chess.com"]
[Date "2024.04.23"]
[Round "8"]
[White "IraZyne"]
[Black "Kratos031"]
[Result "0-1"]
[WhiteElo "2333"]
[BlackElo "2471"]
[TimeControl "180+1"]
[EndTime "15:30:33 PDT"]
[Termination "Kratos031 won by resignation"]

1. e4 c5 2. Nc3 Nc6 3. g3 g6 4.
Bg2 Bg7 5. Nge2 d6 6. O-O Rb8 7. d3 b5 8. f4 b4 9. Nd5 e6 10. Ne3 Nge7 11. f5 exf5 12. exf5 Bxf5 13. Nxf5 gxf5 14.
Bg5 Qd7 15. Re1 O-O 16. Nf4 Bxb2 17. Nh5 f6 18. Bh6 Ng6 19. Bxf8 Rxf8 20. Rb1 Bd4+ 21. Kh1 Nce5 22. Qe2 Kh8 23. Nf4 Ng4 24. h3 Nxf4 25. gxf4 Ne3 26. Bf3 Qg7 27. Rg1 Qh6 28. Qh2 a5 29. Rg3 Re8 30. Rbg1 a4 31. Bc6 Rf8 32. Rg7 d5 33. Rd7 Nxc2 34. Rgg7 b3 35. Rxh7+ Qxh7 36.
Rxh7+ Kxh7 37. axb3 axb3 38. Bxd5 b2 39. Qxc2 Ra8 40.
Kg2 Ra1 41. Qb3 b1=Q 42. Qxb1 Rxb1 43. Be6 Rb2+ 44. Kf3 Kg6 45. Bc4 Rf2+ 46. Kg3 Rd2 47. Kf3 Kh6 48. Kg3 Rb2 49. Kf3 Rb6 50. Kg3 Rd6 51.
Kf3 Rd8 52. Kg3 Kh5 53. Bb5 Rg8+ 54. Kf3 Kh4 55. Bd7 Rg3+ 56. Ke2 Re3+ 57. Kd2 Rxh3 58. Bxf5 Rh2+ 59. Kd1 Kg3 60. Be4 Kxf4 0-1

[Event "Late-Titled-Tuesday-Blitz-April-23-2024"]
[Site "Chess.com"]
[Date "2024.04.23"]
[Round "8"]
[White "topotun"]
[Black "Rud_Makarian"]
[Result "1/2-1/2"]
[WhiteElo "2872"]
[BlackElo "3047"]
[TimeControl "180+1"]
[EndTime "15:30:38 PDT"]
[Termination "Game drawn - insufficient material"]

1. e4 c5 2. Nf3 d6 3. d4 cxd4 4. Nxd4 Nf6 5. f3 e6 6. c4 a6 7.
Nc3 b6 8. Be3 Bb7 9. Qd2 Be7 10.
Be2 O-O 11. O-O Qc7 12. Rac1 Nbd7 13. a3 Rac8 14. b4 Qb8 15. Rfd1 Rfe8 16. Bf1 d5 17. cxd5 Bd6 18. g3 exd5 19. Nf5 Ne5 20. Be2 Bf8 21.
Nxd5 Nxd5 22. exd5 Rcd8 23. Qc3 Rxd5 24. Rxd5 Bxd5 25.
Bf4 b5 26. Kf2 Qb6+ 27. Qd4 Qe6 28. Qxe5 Qxe5 29. Bxe5 Rxe5 30. Nd4 g6 31. Rc8 Kg7 32. Rc7 Re7 33. Rxe7 Bxe7 34. Ke3 Kf6 35. f4 Bd8 36. Bf3 Bxf3 37. Kxf3 Bb6 38. Ke4 Ke7 39. Kd5 Kd7 40.
Nf3 f6 41. Nd4 Bc7 42. Ne6 Bb6 43. Nc5+ Ke7 44. Nxa6 Bg1 45. h3 Bh2 46. g4 Bxf4 47.
Nc5 f5 48. gxf5 gxf5 49. a4 bxa4 50. Nxa4 Kf6 51. b5 Kg5 52. Ke6 Bb8 53. Nc5 f4 54. Ne4+ Kh4 55. b6 f3 56. b7 h5 57. Kf5 Kxh3 58.
Ng5+ Kg3 59. Nxf3 Bc7 60. Kg5 Kxf3 61. Kxh5 Bb8 62. Kg6 Ke4 63. Kf7 Kd5 64. Ke8 Kc6 65. Kd8 Kxb7 1/2-1/2

[Event "Late-Titled-Tuesday-Blitz-April-23-2024"]
[Site "Chess.com"]
[Date "2024.04.23"]
[Round "8"]
[White "Nemsko"]
[Black "Thjop"]
[Result "0-1"]
[WhiteElo "2453"]
[BlackElo "2576"]
[TimeControl "180+1"]
[EndTime "15:30:47 PDT"]
[Termination "Thjop won on time"]

1. e4 e6 2. d4 d5 3. Nc3 Bb4 4. e5 c5 5. a3 Bxc3+ 6. bxc3 Qa5 7. Bd2 Qa4 8. Nf3 Ne7 9. h4 b6 10. h5 h6 11. Rh4 c4 12. Rf4 Nbc6 13. Nh4 Bd7 14. Qg4 Rg8 15. Kd1 Nd8 16. Qf3 Bc6 17.
g4 Kd7 18. Bh3 Kc7 19. Qg3 Be8 20. g5 hxg5 21. Qxg5 Ndc6 22. Qg3 Rd8 23. Rg4 Rh8 24. Rxg7 Rxh5 25. Bg5 Rd7 26. Bf6 Qb5 27. Kc1 Qa5 28.
Bg4 Rh6 29. Bg5 Rh8 30. Bf6 Rg8 31. f4 Rxg7 32. Bxg7 Rd8 33. Bf6 Bd7 34. Kb2 Rg8 35. Qf3 Qb5+ 36. Ka2 Qa4 37. Kb2 Qb5+ 38. Ka2 Qa4 39.
Kb2 b5 40. Bh5 Be8 41. f5 Kd7 42. fxe6+ fxe6 43. Bxe8+ Rxe8 44. Rg1 a5 45. Rg7 b4 46.
cxb4 axb4 47. Bxe7 Rxe7 48. Rxe7+ Nxe7 49. Ng2 Nf5 50. axb4 Qxb4+ 51. Kc1 Nxd4 52. Qf7+ Qe7 53. Qxe7+ Kxe7 54. Kd2 Nc6 55. Nf4 Nxe5 56. Ke3 Kd6 57. Kd4 Nc6+ 58.
Ke3 e5 59. Ng6 Kc5 60. Nh4 Nb4 61. Kd2 d4 62. Nf3 Kd5 63. Ng5 c3+ 64. Kd1 e4 65. Nh3 d3 66. cxd3 exd3 67. Nf4+ Kc4 68. Ng2 Kb3 69. Ne3 Na2 0-1

[Event "Late-Titled-Tuesday-Blitz-April-23-2024"]
[Site "Chess.com"]
[Date "2024.04.23"]
[Round "8"]
[White "PavlovDanila"]
[Black "MyDream003"]
[Result "0-1"]
[WhiteElo "2612"]
[BlackElo "2832"]
[TimeControl "180+1"]
[EndTime "15:30:48 PDT"]
[Termination "MyDream003 won by resignation"]

1. e4 c6 2. Nc3 d5 3. Nf3 Bg4 4. h3 Bxf3 5. Qxf3 e6 6. d3 Nd7 7.
Qg3 Ne7 8. Bd2 Ng6 9. O-O-O Bb4 10. Kb1 d4 11. Ne2 Bxd2 12. Rxd2 e5 13. h4 h5 14. f4 exf4 15. Nxf4 Nxf4 16. Qxf4 f6 17. g4 hxg4 18. Qxg4 Qe7 19. Bh3 Ne5 20. Qg3 Kd8 21.
Rg2 g6 22. Rf1 Kc7 23. Rgf2 Raf8 24. c3 c5 25. cxd4 cxd4 26. Rc2+ Kb8 27. Rc4 Qd6 28. Rc2 a6 29. Rfc1 Rhg8 30. a3 Rd8 31. Rc5 Qe7 32. Bg4 Ka7 33. Rc7 Qd6 34. Bd1 Qb6 35. Ka2 Rh8 36. Bb3 Rd7 37. Rxd7 Nxd7 38.
Qxg6 Nc5 39. Bc4 Rxh4 40. Qg2 Rh8 41. Qc2 Qd6 42. Bd5 Kb6 43. b4 Nd7 44. a4 Rh2 45. Kb3 Rxc2 46. Rxc2 Ne5 47. Rd2 Ka7 48. a5 Qe7 49. Rc2 Qg7 50. Rc8 Nxd3 51. Kc4 Ne5+ 52. Kxd4 Qg1+ 53. Kc3 Qc1+ 54. Kb3 Qxc8 55. b5 axb5 0-1

[Event "Late-Titled-Tuesday-Blitz-April-23-2024"]
[Site "Chess.com"]
[Date "2024.04.23"]
[Round "8"]
[White "gmcorrales"]
[Black "ReadySkate"]
[Result "0-1"]
[WhiteElo "2850"]
[BlackElo "2717"]
[TimeControl "180+1"]
[EndTime "15:30:50 PDT"]
[Termination "ReadySkate won by checkmate"]

1. e4 c5 2. Nf3 e6 3. d4 cxd4 4. Nxd4 Nf6 5. Nc3 Nc6 6. Ndb5 Bc5 7. Bf4 O-O 8. Bc7 Qe7 9. Bd6 Bxd6 10. Qxd6 Qd8 11. O-O-O a6 12. Nd4 Na5 13. f3 b5 14. Kb1 Ne8 15. Qb4 Qc7 16. a4 Nc6 17. Nxc6 dxc6 18. Qc5 Bb7 19. e5 Qc8 20. Ne4 Nc7 21.
Nd6 Qb8 22. c4 bxc4 23. Bxc4 a5 24. Rd3 Ba6 25. Rb3 Qd8 26. Qxc6 Bxc4 27. Qxc4 Nd5 28. h4 Rb8 29. Rb5 Rxb5 30. axb5 Qb6 31. Re1 Qf2 32.
Re2 Qf1+ 33. Kc2 Nb4+ 34. Kd2 Qb1 35. Ke3 Qg1+ 36. Kd2 Qb1 37. Qd4 Nd5 38. Re1 Qa2 39. Rc1 a4 40. Rc2 a3 41. bxa3 Qxa3 42. Ke2 Qb3 43.
Rc5 h6 44. Kf2 Ra8 45. Kg3 Qb1 46. Qe4 Qb2 47. Rxd5 exd5 48. Qxd5 Rf8 49. Kh2 Qc1 50. Qe4 Qc5 51. h5 Qf2 52. Qf4 Qc5 53. Nf5 Re8 54.
Qg3 Qxe5 55. Nxh6+ Kf8 56. Ng4 Qxh5+ 57. Kg1 Qc5+ 58. Kh2 Qxb5 59. Qh4 Kg8 60. Qg3 Qb8 61. Kg1 Qxg3 62. Nf6+ gxf6 63. Kf1 Re1# 0-1

[Event "Late-Titled-Tuesday-Blitz-April-23-2024"]
[Site "Chess.com"]
[Date "2024.04.23"]
[Round "8"]
[White "DominguezOnYoutube"]
[Black "LiemLe"]
[Result "0-1"]
[WhiteElo "2958"]
[BlackElo "3069"]
[TimeControl "180+1"]
[EndTime "15:30:53 PDT"]
[Termination "LiemLe won by resignation"]

1. e4 c5 2. Nf3 Nc6 3. d4 cxd4 4. Nxd4 e5 5. Nb5 d6 6. c4 g6 7. N1c3 a6 8. Na3 Bg7 9. Be3 Be6 10. Qd2 Rc8 11. Rd1 Nd4 12. Nc2 Nxc2+ 13. Qxc2 Bxc4 14.
Qa4+ Qd7 15. Bxc4 Qxa4 16. Bxf7+ Kxf7 17. Nxa4 Ke6 18. Ke2 Nf6 19. f3 Rc2+ 20. Rd2 Rhc8 21. Rd1 Bf8 22. Nc3 Rxd2+ 23. Rxd2 Be7 24. g3 Bd8 25.
Nd5 Nxd5 26. Rxd5 Rc2+ 27. Rd2 Rc6 28. Kd1 Bb6 29. Bxb6 Rxb6 30. Ke2 Rc6 31. Kd1 Rc7 32. Rd3 g5 33. Kd2 h5 34. h3 g4 35. fxg4 hxg4 36.
hxg4 Rg7 37. Ke2 Rxg4 38. Kf3 Rg7 39. Rd2 Rf7+ 40. Ke3 Rg7 41. Kf3 Rf7+ 42. Ke3 Rh7 43. Rg2 b5 44. a3 a5 45. g4 Rh3+ 46. Kd2 Kf6 47. Kc2 Kg5 48. Rd2 Kxg4 49. Rxd6 b4 50. Rd5 b3+ 51. Kd2 Kf4 52. Rxa5 Kxe4 53. Ra4+ Kd5 54.
Ra5+ Kd4 55. Ra4+ Kd5 56. Ra5+ Ke4 57. Ra4+ Kf3 58. Rb4 Rh2+ 59. Kc3 e4 60. Rxb3 e3 61. Kd4 Rd2+ 62. Kc5 Kf2 63. Rxe3 Kxe3 64. a4 Rc2+ 65. Kb5 Rxb2+ 66. Kc5 Ra2 67. Kb5 Kd4 68. a5 Kd5 69.
Kb6 Kd6 70. a6 Rb2+ 71. Ka7 Kc7 72. Ka8 Ra2 73. a7 Kb6 74. Kb8 Rxa7 0-1

[Event "Late-Titled-Tuesday-Blitz-April-23-2024"]
[Site "Chess.com"]
[Date "2024.04.23"]
[Round "8"]
[White "Denmark2015"]
[Black "mjelcic"]
[Result "1-0"]
[WhiteElo "2619"]
[BlackElo "2383"]
[TimeControl "180+1"]
[EndTime "15:30:53 PDT"]
[Termination "Denmark2015 won by checkmate"]

1. d4 e6 2. c4 Bb4+ 3. Nc3 Nf6 4. e3 Ne4 5. Ne2 O-O 6. Qc2 Bxc3+ 7. Nxc3 Nxc3 8.
Qxc3 d6 9. Be2 Re8 10. b3 e5 11. Bb2 Qg5 12. g3 Bg4 13. f3 Bh3 14. dxe5 dxe5 15. O-O-O Nc6 16. Kb1 Bf5+ 17. Ka1 Rad8 18. g4 Bc8 19. h4 Qe7 20. h5 h6 21. Rdg1 Qb4 22. Rd1 Qxc3 23. Bxc3 Be6 24. Bd3 Rd7 25. Be4 Red8 26.
Rxd7 Bxd7 27. Rd1 Be8 28. Rxd8 Nxd8 29. Bxe5 c6 30. Kb2 Ne6 31. Bf5 Nc5 32. Bd4 Ne6 33.
Bxa7 Ng5 34. f4 Nf3 35. Bc8 b5 36. c5 g6 37. a4 bxa4 38. bxa4 gxh5 39. gxh5 Nd2 40.
Kc3 Nb1+ 41. Kb4 f5 42. a5 Bxh5 43. Bxf5 Nd2 44. Bd3 Bg4 45. Bb8 Bc8 46. f5 Kf7 47. Be5 Nf3 48. Bf4 h5 49. Be2 Nd2 50. Bxh5+ Kf6 51. Bg4 Ne4 52. Kc4 Nf2 53. Bf3 Kxf5 54. Bxc6 Ne4 55. Kb5 Nc3+ 56. Kb6 Nd1 57. a6 Bxa6 58.
Kxa6 Nc3 59. Kb6 Ke6 60. Bb5 Nd5+ 61. Kb7 Ne7 62. c6 Kd5 63. c7 Kc5 64. Bd7 Nd5 65. c8=Q+ Kb4 66. Qc6 Ka5 67. Qxd5+ Kb4 68. Qd4+ Ka3 69.
Qc3+ Ka2 70. Be6+ Kb1 71. Qb3+ Kc1 72. e4# 1-0

[Event "Late-Titled-Tuesday-Blitz-April-23-2024"]
[Site "Chess.com"]
[Date "2024.04.23"]
[Round "8"]
[White "th3d4rkness"]
[Black "Flaccidmoves"]
[Result "0-1"]
[WhiteElo "2126"]
[BlackElo "2394"]
[TimeControl "180+1"]
[EndTime "15:30:54 PDT"]
[Termination "Flaccidmoves won on time"]

1. e4 e5 2. Nf3 Nf6 3. Nxe5 Nc6 4. d4 Nxe4 5. Bd3 Nf6 6. c3 Be7 7. O-O O-O 8. Nd2 d6 9. Nxc6 bxc6 10. Qf3 d5 11. Qg3 Bd6 12. Qh4 c5 13. Nf3 c4 14.
Bc2 Rb8 15. Bg5 h6 16. Bxf6 Qxf6 17. Qxf6 gxf6 18. b4 a5 19. a3 Bg4 20. Rfe1 Bxf3 21.
gxf3 axb4 22. axb4 Ra8 23. Ba4 Bf4 24. Bc6 Rxa1 25.
Rxa1 Bd2 26. Ra3 Rd8 27. Kf1 Rd6 28. b5 Kg7 29. Ke2 Bf4 30. h3 f5 31. Kd1 Kf6 32.
Ra7 Rd8 33. Ra8 Rxa8 34. Bxa8 Ke6 35. Bc6 Kd6 36. Kc2 Bg5 37. Kd1 Bf6 38. f4 Be7 39.
Kd2 Ke6 40. Bb7 Ba3 41. Bc6 Bd6 42. Bb7 Bxf4+ 43. Kd1 Kd6 44. Bc6 Bh2 45. Be8 f6 46.
Bc6 Bg1 47. Ke2 Bh2 48. Kf3 Ke6 49. Ke3 Bd6 50. f4 Ba3 51. Kd2 Bd6 52. Ke3 Bf8 53. Bb7 h5 54. Bc8+ Kd6 55. Bxf5 c5 56. Bg6 h4 57. dxc5+ Kxc5 58. Be8 f5 59. Bd7 Bg7 60. Kd2 d4 61. cxd4+ Bxd4 62. Bxf5 Kxb5 63. Kc2 Kc5 64. Bg4 Kd5 65. f5 Ke5 66. Be2 c3 67. Bg4 Kf4 68.
Kd3 Bf6 0-1

[Event "Late-Titled-Tuesday-Blitz-April-23-2024"]
[Site "Chess.com"]
[Date "2024.04.23"]
[Round "8"]
[White "pooh2012"]
[Black "jcmesafischer"]
[Result "1/2-1/2"]
[WhiteElo "2599"]
[BlackElo "2361"]
[TimeControl "180+1"]
[EndTime "15:30:55 PDT"]
[Termination "Game drawn - insufficient material"]

1. e4 c5 2. Nf3 d6 3. Bb5+ Nd7 4. O-O Nf6 5. Re1 e6 6. e5 dxe5 7. d3 a6 8. Bxd7+ Nxd7 9. Nxe5 Nxe5 10. Rxe5 Bd6 11.
Re1 Qh4 12. g3 Qh3 13. Nd2 b5 14. Ne4 Be7 15. Qf3 Ra7 16. Qg2 Qf5 17. a4 b4 18.
g4 Qd5 19. Nd2 Qd7 20. Nc4 Bb7 21. f3 O-O 22. Be3 Bc6 23. Ne5 Qc7 24. Nxc6 Qxc6 25. f4 Qxg2+ 26. Kxg2 b3 27. c3 Rd7 28. Rad1 Rfd8 29.
Kf3 Rxd3 30. Rxd3 Rxd3 31. Ke2 c4 32. a5 Kf8 33. Ra1 Rd8 34. Ra4 Rc8 35. Bd4 f6 36. Ke3 Bd6 37. Ke4 Ke7 38. h3 g6 39.
Bb6 f5+ 40. Kf3 Kd7 41. Be3 Bc5 42. Rxc4 Bd6 43. Rxc8 Kxc8 44. Bd4 Kb7 45. h4 Bc7 46. h5 Bxa5 47. hxg6 hxg6 48. gxf5 gxf5 49. Ke2 Kc6 50. Kd3 Bc7 51. Be3 a5 52. c4 a4 53. Kc3 Ba5+ 54.
Kd3 a3 55. bxa3 Bc7 56. Bd2 Bd6 57. Kc3 Bxa3 58. Kxb3 Kc5 59. Kxa3 Kxc4 60. Kb2 Kd4 61. Kc1 Ke4 62. Kd1 e5 63. fxe5 Kxe5 64. Ke2 Ke4 65. Be3 f4 66. Bf2 f3+ 67. Kf1 Kf4 68. Be1 Kg4 69.
Kf2 Kh3 70. Kxf3 1/2-1/2

[Event "Late-Titled-Tuesday-Blitz-April-23-2024"]
[Site "Chess.com"]
[Date "2024.04.23"]
[Round "8"]
[White "Zura_19"]
[Black "CarlosjPineror"]
[Result "1-0"]
[WhiteElo "2620"]
[BlackElo "2761"]
[TimeControl "180+1"]
[EndTime "15:31:03 PDT"]
[Termination "Zura_19 won by resignation"]

1. e4 c5 2. Nf3 e6 3. d4 cxd4 4. Nxd4 a6 5. Nc3 Qc7 6. Bd3 Nf6 7. Qe2 d6 8. Bd2 Be7 9. O-O Nbd7 10. a4 b6 11. Kh1 Bb7 12. Rae1 O-O 13. f4 g6 14. Rf3 e5 15. Nb3 exf4 16. Bxf4 Ne5 17. Rff1 Rfe8 18.
Bg5 Nfg4 19. Qd2 Bxg5 20. Qxg5 Qe7 21. Qf4 Qh4 22. Nd4 Rf8 23. Be2 Rac8 24. h3 f5 25. Ne6 Rfe8 26. Qg5 Qxg5 27. Nxg5 Ne3 28. Rf2 Nxc2 29.
Rc1 Nd4 30. exf5 Nxf5 31. Kh2 d5 32. g4 Ng7 33. Rd1 Rcd8 34. Nf3 Nc4 35. Nd4 Ne3 36. Rc1 Rf8 37. Rxf8+ Rxf8 38. Kg3 h5 39. Bf3 Rd8 40. Re1 Nc4 41. Re7 Ba8 42. Ra7 Nxb2 43. Rxa8 Rxa8 44.
Bxd5+ Kf8 45. Bxa8 hxg4 46. hxg4 b5 47. axb5 axb5 48.
Ncxb5 Nc4 49. Bd5 Ne5 50. Be4 Kf7 51. Kf4 Nd7 52. Bd5+ Kf6 53. g5+ Ke7 54. Nc6+ Kf8 55. Nc7 Nb6 56. Bb3 Nc8 57. Ne5 Ne7 58. Bf7 Nh5+ 59. Kg4 Kg7 60. Ne6+ Kh7 61. Nf8+ Kg7 62. Nfxg6 Nxg6 63. Bxg6 Nf6+ 64. Kf5 Nd5 65. Bf7 Ne7+ 66. Ke6 Nc8 67. Be8 Nb6 68. Bb5 Nc8 69. Kd7 Na7 70. Ba4 Kh7 71. Kc7 Kg7 72. Kb7 1-0